 Dungeon Crawl Stone Soup version 0.31.0-1-g2c135a008e (webtiles) character file.

Game seed: 16472511831187372983

51797 Kenran the Warrior (level 14, -9/100 HPs)
             Began as a Gargoyle Monk on Jan 20, 2024.
             Was the Champion of Makhleb.
             Mangled by a death yak (17 damage)
             ... on level 4 of the Lair of Beasts.
             The game lasted 00:31:58 (14171 turns).

Kenran the Warrior (Gargoyle Monk)                 Turns: 14171, Time: 00:31:59

Health: -9/100     AC: 28    Str: 17    XL:     14   Next: 61%
Magic:  19/19      EV:  7    Int: 11    God:    Makhleb [******]
Gold:   1015       SH:  0    Dex: 12    Spells: 13/13 levels left

rFire   + +          .
                       - Unarmed
rCold   + . .        c - orb {light}
rNeg    + . .        v - +0 plate armour
rPois   ∞            (no helmet)
rElec   +            (no cloak)
rCorr   .            (no gloves)
SInv    +            E - +0 pair of boots
Will    ++...        q - amulet of regeneration Stlth
                     M - ring of willpower
HPRegen 1.16/turn    g - ring "Beobept" {Fly rF++ rC+ Str-3 SInv}
MPRegen 0.16/turn

%: no passive effects
@: flying, glowing, studying Fighting
A: sickness immunity, AC +10, big wings, negative energy resistance 1,
electricity resistance, torment resistance 1, petrification resistance
a: Renounce Religion, Minor Destruction, Lesser Servant of Makhleb, Major
Destruction, Greater Servant of Makhleb


You were on level 4 of the Lair of Beasts.
You worshipped Makhleb.
Makhleb was exalted by your worship.
You visited 2 branches of the dungeon, and saw 16 of its levels.
You also visited: Sewer.

You collected 1015 gold pieces.

Inventory:

Missiles
 p - a throwing net (quivered)
Armour
 c - an orb of light (worn)
 v - a +0 plate armour (worn)
 E - a +0 pair of boots (worn)
 J - the +18 shield of the Gong {Loud rN+ Will+ rCorr EV-5}
   (You found it on level 8 of the Dungeon)

   Loud:      It is deafeningly noisy when blocking attacks.
   EV-5:      It affects your evasion (-5).
   rN+:       It protects you from negative energy.
   Will+:     It increases your willpower.
   rCorr:     It protects you from acid and corrosion.
Jewellery
 f - a ring of protection from cold
 g - the ring "Beobept" (right hand) {Fly rF++ rC+ Str-3 SInv}
   (You acquired it on level 11 of the Dungeon)

   [ring of flight]

   Str-3:     It affects your strength (-3).
   rF++:      It greatly protects you from fire.
   rC+:       It protects you from cold.
   SInv:      It lets you see invisible.
   Fly:       It grants you flight.
 q - an amulet of regeneration (around neck)
 K - a ring of positive energy
 M - a ring of willpower (left hand)
 N - a ring of resist corrosion
Wands
 x - a wand of mindburst (4)
 y - a wand of charming (12)
 B - a wand of flame (6)
 H - a wand of iceblast (5)
Scrolls
 a - 6 scrolls of enchant weapon
 d - a scroll of fog
 e - 2 scrolls of immolation {!r}
 h - a scroll of blinking
 i - a scroll of brand weapon {unknown}
 l - 2 scrolls of teleportation
 o - a scroll of amnesia {unknown}
 t - 4 scrolls of silence
 w - 5 scrolls of poison
 z - 3 scrolls of revelation
 D - 4 scrolls of enchant armour {unknown}
 F - 6 scrolls of fear
Potions
 b - 2 potions of ambrosia
 j - a potion of lignification {!q}
 k - a potion of invisibility {unknown}
 m - 4 potions of might {unknown}
 n - 6 potions of enlightenment
 r - 6 potions of curing {@q1}
 s - 3 potions of mutation {!q}
 u - 2 potions of brilliance {unknown}
 A - 2 potions of heal wounds {@q2}
 C - 2 potions of berserk rage {unknown}
 G - 2 potions of attraction {!q}
 I - 3 potions of degeneration {unknown}
 L - a potion of cancellation


   Skills:
 - Level 16.0 Fighting
 + Level 13.8 Armour
 - Level 4.0 Dodging
 - Level 6.0 Shields
 - Level 16.0 Unarmed Combat
 - Level 7.0 Invocations
 - Level 2.0 Evocations


You had 13 spell levels left.
You didn't know any spells.
Your spell library contained the following spells:

 Spells                   Type           Power      Damage    Failure   Level
 Apportation              Tloc           0%         N/A       100%        1
 Freeze                   Ice            0%         1d3       100%        1
 Necrotise                Necr           0%         1d4       100%        1
 Sandblast                Erth           0%         2d4       100%        1
 Shock                    Conj/Air       0%         1d3       100%        1
 Sting                    Conj/Alch      0%         1d3       100%        1
 Summon Small Mammal      Summ           0%         N/A       100%        1
 Dazzling Flash           Conj/Hex       0%         N/A       100%        3
 Frozen Ramparts          Ice            0%         1d1       100%        3
 Hailstorm                Conj/Ice       0%         3d5       100%        3
 Inner Flame              Hex/Fire       0%         N/A       100%        3
 Mephitic Cloud           Conj/Alch/Air  0%         N/A       100%        3
 Passwall                 Erth           0%         N/A       100%        3
 Stone Arrow              Conj/Erth      0%         3d7       100%        3
 Summon Ice Beast         Ice/Summ       0%         N/A       100%        3
 Swiftness                Air            0%         N/A       100%        3
 Volatile Blastmotes      Fire/Tloc      0%         2d10      100%        3
 Airstrike                Air            0%         2d(0-16)  100%        4
 Animate Armour           Summ/Erth      0%         N/A       100%        4
 Brom's Barrelling Bould  Conj/Erth      0%         2d3       100%        4
 Dispel Undead            Necr           0%         3d6       100%        4
 Summon Lightning Spire   Summ/Air       0%         N/A       100%        4
 Alistair's Intoxication  Alch           0%         N/A       100%        5
 Borgnjor's Vile Clutch   Necr/Erth      0%         N/A       100%        5
 Curse of Agony           Necr           0%         N/A       100%        5
 Lee's Rapid Deconstruct  Erth           0%         3d4*      100%        5
 Silence                  Hex/Air        0%         N/A       100%        5
 Summon Mana Viper        Hex/Summ       0%         N/A       100%        5
 Eringya's Noxious Bog    Alch           0%         4d6       100%        6
 Starburst                Conj/Fire      0%         6d3       100%        6
 Monstrous Menagerie      Summ           0%         N/A       100%        7
 Borgnjor's Revivificati  Necr           0%         N/A       100%        8
 Maxwell's Capacitive Co  Air            0%         ∞         100%        8


Dungeon Overview and Level Annotations

Branches:
Dungeon (11/15)            Temple (0/1) D:6            Lair (5/5) D:11
 Shoals (0/4) Lair:2       Spider (0/4) Lair:2        Slime (0/5) Lair:4
    Orc (0/2) D:9           Sewer (visited)

Altars:
Elyvilon
Hepliaklqana
Kikubaaqudgha
Makhleb
Okawaru
Uskayaw
Vehumet
Yredelemnul
The Shining One
Jiyva

Annotations:
D:4 1 runed translucent door, GriffinBr's ghost, novice OpSh
D:7 exclusion: 2 goblins
D:10 exclusion: downstairs


Innate Abilities, Weirdness & Mutations

You are immune to sickness and miasma.
Your stone body is resilient. (AC +10)
You are immune to poison.
Your large and strong wings let you fly.
You resist negative energy. (rN+)
You are resistant to electric shocks. (rElec)
You are resistant to unholy torment.
You are immune to petrification.


Message History

The death yak closely misses your ufetubus.
The death yak gores your ufetubus!
Your ufetubus dies!
Your ufetubus disappears in a puff of smoke!
The death yak attacks as it pursues you!
The death yak gores you but does no damage.
You punch the death yak!
The death yak is heavily wounded.
Your ynoxinul gestures.
You punch the death yak!
The death yak is severely wounded.
Something closely misses your ufetubus.
The death yak gores you but does no damage.
You hit the death yak but do no damage.
The death yak is heavily wounded.
The death yak gores you!
* * * LOW HITPOINT WARNING * * *
Something gores your ynoxinul but does no damage.
The death yak gores you.
* * * LOW HITPOINT WARNING * * *
The death yak closely misses something.
Something gores your ufetubus!
Your ufetubus dies!
Your ufetubus disappears in a puff of smoke!
You swap places.
Your ufetubus barely misses the death yak.
Your ufetubus hits the death yak but does no damage.
The death yak gores your ufetubus!!
Your ufetubus dies!
Your ufetubus disappears in a puff of smoke!
Your ufetubus hits the death yak but does no damage. x2
Your ufetubus barely misses the death yak.
Your ufetubus closely misses the death yak.
The death yak gores you!
* * * LOW HITPOINT WARNING * * *
Your ufetubus disappears in a puff of smoke! x2
As you read the scroll of fear, it crumbles to dust.
You assume a fearsome visage.
The death yak looks frightened!
The death yak easily resists.
The death yak gores you!
You die...

##### ##...## ######
#.....#### ########.##.#
#......#.####.P...#.#..##
##.....................#
#.....)..............##
##P##.................##
#####...#..@>†....<...#
#P....#§Y........##
###...##Y§........#
##.§Y##>......###
#...Y§.......# #####
##..3......#####.#P##
#..........###.#....#
#.#........P##.......
#####...P...##.......


You could see 2 death yaks.

Vanquished Creatures
  2 hydras
  Fannar (D:10)
  A two-headed ogre (D:10)
  4 death yaks
  A hell hog (Lair:5)
  Nergalle (D:10)
  A fire crab (Lair:5)
  2 lindwurms (Lair:5)
  4 harpies (Lair:2)
  2 wolf spiders (Lair:4)
  5 black mambas
  22 elephants
  7 cane toads
  Jeremiah (D:8)
  6 komodo dragons
  3 rime drakes
  Psyche (D:11)
  11 polar bears
  A troll (D:11)
  Prince Ribbit (D:6)
  A hornet (D:11)
  2 raiju (Lair:5)
  2 blink frogs (Lair:2)
  A shadow (D:10)
  A slime creature (D:10)
  4 wyverns
  44 yaks
  A basilisk (Lair:5)
  6 wargs (Lair:5)
  A steam dragon (D:7)
  3 vampire mosquitoes (D:10)
  18 water moccasins
  13 hell hounds (Lair:5)
  2 orc warriors
  15 black bears
  2 ice beasts
  A sky beast (D:8)
  An ogre (D:7)
  25 wolves
  3 centaurs
  2 phantoms
  3 kobold brigands
  11 bullfrogs
  9 scorpions
  A killer bee (D:10)
  3 howler monkeys
  2 jellies (Lair:4)
  8 orc priests
  A bombardier beetle (D:3)
  4 hounds
  2 iguanas
  6 orc wizards
  9 adders
  3 gnolls (D:6)
  3 river rats (Sewer)
  2 white imps
  2 ufetubi
  A ribbon worm (D:5)
  43 orcs
  4 bats
  10 endoplasms
  6 giant cockroaches
  9 goblins
  8 hobgoblins
  6 jackals
  A quokka (D:1)
  5 ball pythons
  A frilled lizard (D:3)
  18 kobolds
  5 rats
411 creatures vanquished.

Vanquished Creatures (collateral kills)
  Snorg (D:9)
  2 boulder beetles (D:11)
  3 death yaks (Lair:3)
  An ugly thing (D:10)
  A manticore (D:6)
  A cane toad (Lair:1)
  A torpor snail (Lair:5)
  A blink frog (Lair:2)
  A slime creature (D:10)
  2 yaks (Lair:1)
  A water moccasin (Lair:2)
  An acid dragon (D:6)
  A black bear (Lair:5)
  An ice beast (D:6)
  2 killer bees (D:10)
  An orc wizard (D:6)
  2 orcs (D:6)
23 creatures vanquished.

Grand Total: 434 creatures vanquished

Notes
Turn   | Place    | Note
-------+----------+-------------------------------------------
     0 | D:1      | Kenran the Gargoyle Monk began the quest for the Orb.
     0 | D:1      | Reached XP level 1. HP: 14/14 MP: 1/1
   256 | D:1      | Found a faded altar of an unknown god.
   270 | D:1      | Reached XP level 2. HP: 18/19 MP: 2/2
   276 | D:1      | Prayed at the altar of an unknown god.
   276 | D:1      | Became a worshipper of Makhleb the Destroyer
   276 | D:1      | Reached * piety under Makhleb
   276 | D:1      | Reached ** piety under Makhleb
   635 | D:2      | Reached XP level 3. HP: 23/23 MP: 3/3
   698 | D:2      | Reached *** piety under Makhleb
  1474 | D:3      | Reached XP level 4. HP: 28/28 MP: 4/4
  1517 | D:3      | Noticed a scorpion
  1910 | D:3      | Found a glowing golden altar of the Shining One.
  1910 | D:3      | Found an ancient bone altar of Kikubaaqudgha.
  1911 | D:3      | Found a hazy altar of Hepliaklqana.
  1940 | D:3      | Reached skill level 5 in Unarmed Combat
  2058 | D:3      | Killed a scorpion
  2059 | D:3      | Reached XP level 5. HP: 23/32 MP: 5/5
  2231 | D:3      | Found the +0 toga "Victory" {*Victory Clar}
  2570 | D:4      | Reached skill level 1 in Armour
  2570 | D:4      | Reached skill level 1 in Invocations
  2620 | D:4      | Noticed GriffinBr's ghost (novice OpSh)
  2624 | D:4      | Found a runed translucent door.
  2763 | D:4      | Reached XP level 6. HP: 37/37 MP: 5/7
  3102 | D:5      | Entered Level 5 of the Dungeon
  3164 | D:5      | Reached **** piety under Makhleb
  3254 | D:5      | Reached XP level 7. HP: 42/42 MP: 8/8
  3323 | D:5      | Found a glowing drain.
  3351 | Sewer    | Entered a sewer
  3414 | Sewer    | Reached skill level 5 in Fighting
  3447 | Sewer    | Found a white marble altar of Elyvilon.
  4295 | D:5      | Reached XP level 8. HP: 49/49 MP: 8/10
  4341 | D:6      | Found a staircase to the Ecumenical Temple.
  4546 | D:6      | Noticed a manticore
  4560 | D:6      | Killed a manticore
  4573 | D:6      | Reached XP level 9. HP: 51/56 MP: 10/12
  4808 | D:7      | Noticed Prince Ribbit
  4824 | D:6      | Killed Prince Ribbit
  4867 | D:7      | Found an iron altar of Okawaru.
  5037 | D:7      | Noticed a +0 hand axe
  5037 | D:7      | Noticed a +0 hand axe
  5042 | D:7      | Reached ***** piety under Makhleb
  5043 | D:7      | Found a hide-covered altar of Uskayaw.
  5059 | D:7      | Reached skill level 10 in Unarmed Combat
  5270 | D:7      | Reached skill level 5 in Armour
  5775 | D:8      | Reached XP level 10. HP: 64/64 MP: 13/13
  5812 | D:8      | Found a white marble altar of Elyvilon.
  5851 | D:8      | Found the +18 shield of the Gong {Loud rN+ Will+ rCorr
                  | EV-5}
  6376 | D:8      | Noticed Jeremiah
  6422 | D:8      | Killed Jeremiah
  6779 | D:9      | Identified the +1 mace "Nageismimn" {drain, ^Contam rF++
                  | rN++}
  7026 | D:9      | Found a staircase to the Orcish Mines.
  7086 | D:9      | Reached skill level 1 in Evocations
  7208 | D:9      | Reached skill level 5 in Invocations
  7387 | D:10     | Entered Level 10 of the Dungeon
  7398 | D:10     | Found a basalt altar of Yredelemnul.
  7435 | D:10     | Reached XP level 11. HP: 64/68 MP: 13/15
  7545 | D:10     | Noticed a green ugly thing
  7551 | D:10     | Killed a green ugly thing
  7811 | D:10     | Found a radiant altar of Vehumet.
  7966 | D:10     | Noticed a two-headed ogre
  7977 | D:10     | Killed a two-headed ogre
  8011 | D:10     | Noticed Fannar
  8011 | D:10     | Noticed Snorg
  8137 | D:9      | Killed Snorg
  8138 | D:9      | Reached skill level 10 in Fighting
  8210 | D:10     | Noticed Nergalle
  8244 | D:10     | Killed Nergalle
  8409 | D:10     | Killed Fannar
  8519 | D:11     | Noticed a boulder beetle
  8560 | D:11     | Killed a boulder beetle
  8863 | D:11     | Noticed a boulder beetle
  8895 | D:11     | Killed a boulder beetle
  8896 | D:11     | Reached XP level 12. HP: 30/77 MP: 17/17
  8983 | D:11     | Reached skill level 10 in Armour
  9009 | D:11     | Found a staircase to the Lair.
  9309 | D:11     | Noticed Psyche
  9316 | D:11     | Killed Psyche
  9500 | D:11     | Identified 2 scrolls of acquirement
  9503 | D:11     | Acquired the ring "Beobept" {Fly rF++ rC+ Str-3 SInv}
  9509 | D:11     | Acquired a manual of Fighting
  9577 | Lair:1   | Entered Level 1 of the Lair of Beasts
  9819 | Lair:1   | Reached skill level 1 in Shields
 10025 | Lair:1   | Noticed a five-headed hydra
 10033 | Lair:1   | Killed a five-headed hydra
 10373 | Lair:1   | Noticed a death yak
 10374 | Lair:1   | Noticed a death yak
 10375 | Lair:1   | Noticed a death yak
 10375 | Lair:1   | Noticed a death yak
 10498 | Lair:2   | Found a hole to the Spider Nest.
 10614 | Lair:2   | Reached XP level 13. HP: 30/86 MP: 18/18
 10621 | Lair:2   | Found a staircase to the Shoals.
 11832 | Lair:3   | Reached skill level 15 in Fighting
 12636 | Lair:4   | Reached skill level 5 in Shields
 12882 | Lair:4   | Gained mutation: Your large and strong wings let you fly.
                  | [Gargoyle growth]
 12882 | Lair:4   | Reached XP level 14. HP: 75/99 MP: 19/19
 12942 | Lair:4   | Found a viscous altar of Jiyva.
 12943 | Lair:4   | Found a staircase to the Slime Pits.
 13167 | Lair:4   | Got the Elucidation of Fetching Left-Handed Acts
 13423 | Lair:5   | Entered Level 5 of the Lair of Beasts
 13439 | Lair:5   | Reached skill level 15 in Unarmed Combat
 13561 | Lair:5   | Reached ****** piety under Makhleb
 13748 | Lair:5   | Acquired a manual of Fighting
 13892 | Lair:5   | Identified the maw talisman of the Planets {Int+2}
 14171 | Lair:4   | Mangled by a death yak

Illustrated notes

Levels and vault maps discovered:
D:1:      lightli_arrival_boilingwater, layout_rooms,
          dreamdust_ecumenical_altar_grove, minivault_5, minmay_crystal_water
D:2:      layout_basic, grunt_decor_one_mirror, kennysheep_generic_room_2
D:3:      layout_loops_ring, chequers_temple_overflow_statue_of_worship
D:4:      layout_loops_cross, hellmonk_ghost_happy_afterlife
D:5:      layout_cave_pools, cheibrodos_sewer_entry_bend
D:6:      kennysheep_big_flooded_room, layout_loops_ring,
          minmay_temple_entry_hall
D:7:      layout_loops_ring, dancing_weapons_uskayaw,
          kennysheep_okawaru_gauntlet, uniq_prince_ribbit1
D:8:      black_bear_nest_2, layout_loops_corners, mainiacjoe_overflow_alcove_4,
          uniq_jeremiah
D:9:      layout_irregular_city, orc_0_dummy, eino_small_chamber_without_monster
D:10:     layout_basic, yredelemnul_altar_generic, mainiacjoe_overflow_paths,
          uniq_fannar, uniq_nergalle, uniq_snorg
D:11:     layout_cave_pods, grunt_lair_entry_orc_guard_hut, uniq_psyche
Lair:1:   layout_concentric_octagons, grunt_megastairs_1
Lair:2:   layout_small_grid, nicolae_shoals_entry_roost,
          nicolae_spider_entry_non_spiders, st_stairs_9,
          chequers_serial_rivers_marsh
Lair:3:   layout_cave_pods
Lair:4:   minmay_lair_venomous_thicket, layout_cave_pods,
          nicolae_slime_entry_slimehenge
Lair:5:   hangedman_lair_caniforms_friends, layout_regular_city,
          hangedman_lair_tendril_chambers, uniq_kirke

Skill      XL: |  1  2  3  4  5  6  7  8  9 10 11 12 13 14 |
---------------+-------------------------------------------+-----
Unarmed Combat | 4 5 6 7 8 10 12 13 14 16 | 16.0
Armour         | 2 4 5 8 9 11 12 13 | 13.8
Invocations    | 2 4 5 7 |  7.0
Fighting       | 5 6 8 10 12 15 16 | 16.0
Evocations     | 2 |  2.0
Shields        | 4 5 6 |  6.0
Dodging        | 4 |  4.0

Action                     |  1- 3 |  4- 6 |  7- 9 | 10-12 | 13-15 || total
---------------------------+-------+-------+-------+-------+-------++-------
  Melee: Unarmed           |    92 |   162 |   258 |   653 |   779 ||  1944
 Invoke: Lesser Servant of |       |       |     1 |    17 |     3 ||    21
  Evoke: Wand              |       |       |       |     3 |       ||     3
    Use: Scroll            |     1 |       |     2 |    12 |     5 ||    20
         Potion            |       |       |       |     1 |       ||     1
   Stab: Distracted        |       |       |     1 |     2 |     2 ||     5
 Armour: Scale mail        |    54 |    10 |       |       |       ||    64
         Plate armour      |       |   155 |   284 |   595 |   931 ||  1965
         Chain mail        |       |     4 |       |       |       ||     4
  Dodge: Dodged            |    39 |    46 |    74 |   172 |   289 ||   620
